Map: Abyssal Reef LE

Players

losira - Winner!

  • Race: Zerg Zerg
  • Spawn Location: 11:00

hinO

  • Race: Zerg Zerg
  • Spawn Location: 5:00

Event: IEM XI Katowice - World Championship 2017

VOD

Have the link to the VOD?

Description

Time

  • Played on: Feb. 28, 2017, 4:16 a.m.
  • Length: 9:29

All games in this series

Show
View Real Time Build Order
Export as new Build Order

losira Zerg - Winner!

Build Orders: Hatch First 

Get SALT Encoding   

  12  0:00  Drone  
  13  0:08  Drone  
  13  0:13  Extractor  
  13  0:15  Drone  
  15  0:22  Overlord  
  15  0:45  Hatchery  
  15  0:49  Drone  
  15  0:52  Drone  
  16  1:08  Spawning Pool  
  15  1:11  Drone  
  15  1:15  Drone  
  15  1:18  Drone  
  18  1:24  Extractor  
  17  1:34  Drone  
  18  1:49  Drone  
  19  1:54  Queen  
  19  1:57  Drone x2  
  19  1:58  Queen  
  19  1:59  Drone  
  26  2:06  Drone  
  27  2:10  Drone  
  28  2:15  Overlord  
  28  2:33  Queen  
  28  2:34  Zergling x2, Overlord  
  28  2:35  Drone  
  32  2:37  Drone  
  32  2:41  Drone  
  34  2:48  Drone  
  35  2:54  Drone  
  35  2:57  Evolution Chamber  
  35  2:59  Drone  
  35  3:05  Drone x2  
  38  3:06  Drone x2  
  38  3:07  Overlord  
  38  3:09  Drone x2  
  38  3:12  Lair  
  42  3:16  Drone x2  
  44  3:24  Zerg Missile Weapons Level 1  
  43  3:30  Roach Warren  
  43  3:32  Drone x2  
  44  3:34  Extractor  
  44  3:36  Extractor, Drone x2  
  44  3:44  Evolution Chamber  
  44  3:48  Evolution Chamber, Drone  
  44  3:49  Drone  
  44  3:50  Drone  
  44  3:51  Drone  
  44  3:54  Evolution Chamber, Drone  
  44  3:55  Drone x2  
  49  3:56  Drone  
  50  4:06  Overlord  
  50  4:15  Glial Reconstitution  
  50  4:16  Roach  
  52  4:17  Overlord  
  52  4:21  Overlord, Evolution Chamber  
  52  4:24  Overlord  
  52  4:25  Roach  
  52  4:26  Roach x2  
  52  4:27  Roach  
  52  4:28  Overseer  
  61  4:31  Overlord  
  61  4:41  Hatchery  
  60  4:46  Roach x3  
  60  4:49  Roach  
  60  4:50  Roach  
  71  4:56  Roach x2  
  74  5:01  Overlord  
  74  5:05  Roach x2  
  74  5:06  Hatchery  
  77  5:08  Roach  
  77  5:09  Roach  
  81  5:16  Overlord  
  81  5:17  Zerg Missile Weapons Level 2  
  81  5:21  Roach  
  83  5:23  Roach  
  83  5:27  Roach x2  
  89  5:29  Roach  
  89  5:32  Roach  
  89  5:35  Roach  
  95  5:38  Roach  
  95  5:41  Overlord  
  97  5:43  Roach  
  97  5:45  Roach  
  101  5:53  Roach  
  107  5:57  Roach x2  
  107  5:58  Overlord x2  
  107  5:59  Drone  
  107  6:00  Drone  
  107  6:03  Drone  
  110  6:06  Drone  
  110  6:10  Roach  
  113  6:17  Roach  
  115  6:21  Roach x2  
  115  6:24  Roach x3  
  125  6:26  Drone  
  125  6:27  Drone x2  
  125  6:29  Extractor  
  127  6:34  Drone  
  127  6:37  Roach x2  
  127  6:39  Overlord  
  128  6:47  Drone  
  128  6:48  Drone  
  128  6:50  Extractor, Roach  
  129  6:58  Roach  
  129  6:59  Roach x3  
  119  7:03  Roach  
  119  7:04  Roach x5  
  119  7:07  Roach  
  119  7:08  Roach  
  129  7:09  Roach  
  129  7:11  Roach  
  133  7:16  Roach  
  133  7:26  Roach  
  133  7:27  Roach x5  
  145  7:33  Overlord, Roach  
  145  7:35  Overlord  
  145  7:36  Roach  
  143  7:37  Roach  
  143  7:38  Roach  
  143  7:40  Roach  
  143  7:43  Roach  
  143  7:44  Roach  
  131  7:46  Roach  
  131  7:48  Roach  
  113  7:54  Roach x2  
  113  7:55  Roach  
  113  7:57  Roach x2  
  117  8:00  Roach  
  117  8:02  Roach  
  117  8:05  Roach  
  113  8:07  Roach  
  113  8:11  Roach x2  
  113  8:13  Drone x3  
  113  8:17  Roach  
  113  8:18  Roach  
  120  8:21  Roach  
  120  8:22  Roach  
  120  8:23  Drone  
  120  8:26  Roach  
  127  8:28  Roach  
  127  8:31  Roach  
  127  8:33  Roach  
  133  8:35  Roach  
  133  8:37  Roach  
  133  8:39  Drone x2  
  141  8:48  Roach x3  
  143  8:57  Roach x3  
  143  8:58  Roach x2  
  143  9:00  Overlord  
  149  9:03  Roach  
  149  9:04  Roach  
  149  9:07  Roach  
  149  9:08  Roach x2  
  133  9:19  Hatchery  
Show
View Real Time Build Order
Export as new Build Order

hinO Zerg 

Build Orders: Hatch First 

Get SALT Encoding   

  12  0:00  Drone  
  13  0:08  Drone  
  14  0:16  Overlord  
  14  0:21  Extractor  
  14  0:23  Drone  
  15  0:35  Drone x2  
  17  0:53  Hatchery  
  17  0:56  Drone  
  17  0:58  Extractor  
  17  1:00  Drone  
  17  1:15  Spawning Pool  
  16  1:20  Drone  
  16  1:21  Drone  
  18  1:28  Drone  
  19  1:37  Overlord  
  19  1:48  Drone  
  20  2:00  Drone  
  21  2:02  Metabolic Boost, Queen  
  21  2:05  Zergling x2  
  24  2:10  Queen  
  24  2:15  Drone  
  27  2:17  Drone  
  27  2:20  Drone  
  29  2:27  Drone  
  30  2:31  Drone  
  30  2:35  Baneling Nest  
  30  2:37  Drone  
  30  2:43  Zergling x2  
  32  2:49  Zergling x2  
  32  2:53  Zergling x2  
  33  2:59  Zergling x2  
  33  3:03  Overlord  
  34  3:10  Zergling x4  
  36  3:13  Hatchery  
  36  3:18  Zergling x2  
  36  3:19  Baneling x4  
  36  3:23  Drone x3  
  36  3:25  Drone  
  40  3:28  Drone  
  40  3:33  Overlord  
  41  3:35  Drone  
  41  3:39  Drone  
  43  3:46  Drone  
  44  3:51  Overlord  
  44  3:53  Drone x3  
  46  4:04  Roach Warren, Drone x3  
  46  4:07  Evolution Chamber, Drone  
  48  4:13  Drone x3  
  48  4:16  Drone x2  
  53  4:19  Extractor  
  53  4:22  Extractor  
  53  4:23  Lair  
  51  4:25  Drone  
  51  4:28  Drone x2  
  54  4:32  Overlord  
  54  4:38  Zerg Missile Weapons Level 1  
  54  4:41  Zergling x8  
  57  4:46  Roach  
  57  4:50  Roach x2  
  63  4:56  Overlord  
  63  4:58  Roach x2  
  67  5:02  Overlord  
  67  5:06  Roach  
  67  5:07  Roach  
  71  5:14  Roach x2  
  71  5:15  Roach x2  
  71  5:18  Overlord  
  71  5:21  Glial Reconstitution  
  79  5:27  Overlord  
  79  5:29  Roach  
  81  5:38  Roach x4  
  88  5:49  Overlord  
  88  5:51  Roach x5  
  98  5:57  Overlord  
  98  6:02  Overlord  
  98  6:09  Roach x2  
  98  6:10  Roach x2  
  106  6:12  Overlord x2  
  106  6:19  Roach x3  
  106  6:24  Overlord  
  112  6:29  Roach x2  
  112  6:30  Roach  
  118  6:38  Roach x4  
  124  6:46  Roach  
  121  6:48  Roach  
  121  6:51  Roach  
  113  7:02  Roach x5  
  123  7:11  Roach x3  
  123  7:12  Roach  
  131  7:16  Roach x2  
  131  7:20  Overlord  
  131  7:22  Roach  
  137  7:26  Overlord  
  137  7:28  Roach  
  139  7:36  Roach x4  
  141  7:41  Roach x2  
  124  7:44  Roach  
  124  7:47  Roach  
  109  7:52  Roach  
  109  7:57  Roach x2  
  111  8:01  Roach  
  111  8:03  Roach  
  99  8:06  Roach  
  89  8:16  Drone x2  
  89  8:17  Drone x2  
  89  8:19  Extractor  
  90  8:21  Roach x5  
  90  8:26  Roach  
  90  8:27  Roach  
  104  8:29  Roach  
  104  8:34  Roach  
  108  8:40  Roach  
  108  8:41  Roach  
  110  8:48  Roach  
  110  8:49  Roach x3  
  110  8:53  Overlord  
  116  9:00  Roach x2  
  116  9:06  Roach x3  

Tags
 
Add a new tag
Caveats
  • Supply blocks, unpowered buildings, or Contaminate may cause inaccurate times.
  • Supply counts are checked every 10 seconds.